Oilers vs Predators

Created - November 29 2007 at 18:23

Goals
1 2 3 T
Oilers 0 1 1 2
Predators 3 0 1 4
Shots
1 2 3 T
Oilers 3 4 7 14
Predators 8 8 8 24

Period #1

1. Predators , Brad Boyes 8 (Paul Kariya, Tomas Kaberle) at 10:38
2. Predators , Paul Kariya 10 (Scott Hartnell, Ryan Suter) at 15:08
3. Predators , Ryan Suter 1 (Brad Boyes, David Legwand) at 15:45

Penalties :
Alexander Perezhogin (EDM) for Roughing (Minor) at 5:52, Alexandre Burrows (NSH) for Hooking (Minor) at 5:59, Ryan Smyth (EDM) for Tripping (Minor) at 11:09, Brad Boyes (NSH) for Holding (Minor) at 16:58

Period #2

4. Oilers , Shawn Horcoff 6 (Daniel Tjarnqvist, Ryan Smyth) at 11:13

Penalties :
Steve Sullivan (NSH) for Roughing (Minor) at 11:35, Shawn Horcoff (EDM) for Holding (Minor) at 15:56

Period #3

5. Oilers , Alexander Perezhogin 3 (Raffi Torres, Steve Staios) at 8:17
6. Predators , Steve Sullivan 15 (Scott Hartnell) at 12:08

Penalties :
Todd Bertuzzi (NSH) for Goalie Interference (Minor) at 1:46, Ethan Moreau (EDM) for Roughing (Minor) at 1:46, Brad Boyes (NSH) for Roughing (Minor) at 9:35, Ryan Smyth (EDM) for Holding (Minor) at 13:53, Fernando Pisani (EDM) for Interference (Minor) at 16:44

Goalie Stats

Dwayne Roloson (EDM), 20 saves from 24 shots - (0.833), L, 13-15-1, 60:00 minutes
Chris Mason (NSH), 12 saves from 14 shots - (0.857), W, 2-5-0, 60:00 minutes

Players Stats

Oilers
Player Name              G  A  P  +/- PIM S  H  SB FO MP 
-----------------------------------------------------------
Alexander Perezhogin     1  0  1  -1  2   1  1  0  2  17 
Daniel Tjarnqvist        0  1  1   0  0   0  0  0  0  21 
Danny Syvret             0  0  0  -1  0   0  0  0  0  18 
Ethan Moreau             0  0  0  -1  2   0  2  0  11 18 
Fernando Pisani          0  0  0  -1  2   2  2  0  3  19 
Francis Bouillon         0  0  0   1  0   0  3  1  0  20 
Jaroslav Spacek          0  0  0  -1  0   0  3  2  0  22 
Marty Reasoner           0  0  0  -1  0   0  0  0  0  4  
Nicklas Lidstrom         0  0  0  -1  0   0  3  1  0  24 
Patrick Thoresen         0  0  0   0  0   0  0  0  0  3  
Petr Sykora              0  0  0   0  0   1  1  0  0  17 
Pierre-Marc Bouchard     0  0  0  -1  0   1  2  1  5  23 
Raffi Torres             0  1  1  -1  0   2  4  0  0  16 
Ryan Johnson             0  0  0   0  0   0  1  0  8  7  
Ryan Smyth               0  1  1   0  4   0  0  0  0  18 
Saku Koivu               0  0  0  -1  0   1  2  0  17 20 
Shawn Horcoff            1  0  1   0  2   5  2  0  22 21 
Steve Staios             0  1  1  -1  0   1  1  1  0  18 
Predators
Player Name              G  A  P  +/- PIM S  H  SB FO MP 
-----------------------------------------------------------
Alexandre Burrows        0  0  0   2  2   0  2  0  19 20 
Brad Boyes               1  1  2   1  4   1  3  0  2  19 
David Legwand            0  1  1   1  0   6  1  0  15 20 
Derek Morris             0  0  0   1  0   0  1  2  0  23 
Jeff Carter              0  0  0   0  0   0  0  0  0  0  
Jordin Tootoo            0  0  0   0  0   0  0  0  0  9  
Marek Zidlicky           0  0  0  -1  0   1  1  1  0  21 
Martin Erat              0  0  0  -1  0   0  2  0  2  19 
Paul Kariya              1  1  2   2  0   5  2  0  2  19 
Ryan Suter               1  1  2   3  0   4  1  0  0  21 
Scott Hartnell           0  2  2   2  0   1  1  1  2  18 
Shea Weber               0  0  0   2  0   0  0  0  0  22 
Steve Sullivan           1  0  1   1  2   2  2  1  0  19 
Todd Bertuzzi            0  0  0  -1  2   0  0  0  0  13 
Tomas Kaberle            0  1  1   0  0   2  0  0  0  21 
Vernon Fiddler           0  0  0   0  0   1  1  0  11 9  
Yanic Perreault          0  0  0  -1  0   1  2  0  15 15 
Zbynek Michalek          0  0  0  -1  0   0  0  1  0  17 

3 Stars

1 - Ryan Suter (NSH)
2 - Paul Kariya (NSH)
3 - Brad Boyes (NSH)

Power Play

Oilers - 0 on 4 Attempt(s) - 0.00%
Predators - 0 on 5 Attempt(s) - 0.00%

Penalty Kill

Oilers - 5 on 5 Attempt(s) - 100.00% - Score 0 goal in Penalty Kill
Predators - 4 on 4 Attempt(s) - 100.00% - Score 0 goal in Penalty Kill

Game Notes

No Game Note

Finance

Level 1 -- Attendance: 5132 (85.54%) -- Ticket Income $410,560.00
Level 2 -- Attendance: 3632 (90.79%) -- Ticket Income $188,864.00
Level 3 -- Attendance: 1905 (90.17%) -- Ticket Income $57,150.00
Level 4 -- Attendance: 3291 (82.27%) -- Ticket Income $65,820.00
Luxury Box -- Attendance: 903 (90.31%) -- Ticket Income $121,905.00
Game was played at the Gaylord Entertainment Center
Total Attendance: 14863 (86.85%)
Total Ticket Income: $882,420.70
Other Income: $148,398.30
Total Income: $1,030,819.00


Play by Play

Period #1

0:01 of 1st period - Saku Koivu wins face-off versus Paul Kariya in neutral zone.
0:06 of 1st period - Shot by Saku Koivu.
0:06 of 1st period - Stopped by Chris Mason without a rebound.
0:07 of 1st period - Shawn Horcoff wins face-off versus Alexandre Burrows in Predators zone.
0:40 of 1st period - Icing by Francis Bouillon.
0:41 of 1st period - David Legwand wins face-off versus Shawn Horcoff in Oilers zone.
1:26 of 1st period - Icing by Jaroslav Spacek.
1:27 of 1st period - Saku Koivu wins face-off versus Yanic Perreault in Oilers zone.
3:08 of 1st period - Icing by Steve Staios.
3:09 of 1st period - David Legwand wins face-off versus Alexander Perezhogin in Oilers zone.
3:32 of 1st period - Shot by Paul Kariya.
3:32 of 1st period - Stopped by Dwayne Roloson without a rebound.
3:33 of 1st period - Yanic Perreault wins face-off versus Shawn Horcoff in Oilers zone.
5:22 of 1st period - David Legwand is hit by Ryan Johnson and loses puck.
5:52 of 1st period - Minor Penalty to Alexander Perezhogin for Roughing.
5:53 of 1st period - Shawn Horcoff wins face-off versus Martin Erat in Predators zone.
5:59 of 1st period - Minor Penalty to Alexandre Burrows for Hooking.
6:00 of 1st period - Shawn Horcoff wins face-off versus Yanic Perreault in neutral zone.
6:33 of 1st period - Shot by Shawn Horcoff.
6:33 of 1st period - Stopped by Chris Mason without a rebound.
6:34 of 1st period - Pierre-Marc Bouchard wins face-off versus Scott Hartnell in Predators zone.
6:53 of 1st period - Shot by Scott Hartnell.
6:53 of 1st period - Shot Misses the Net.
7:10 of 1st period - Icing by Scott Hartnell.
7:11 of 1st period - Shawn Horcoff wins face-off versus Scott Hartnell in Predators zone.
8:55 of 1st period - Scott Hartnell is hit by Alexander Perezhogin.
10:36 of 1st period - Shot by Brad Boyes.
10:36 of 1st period - Shot Blocked by Pierre-Marc Bouchard.
10:38 of 1st period - Shot by Brad Boyes.
10:38 of 1st period - Goal by Brad Boyes - Oilers : 0 - Predators : 1.
10:39 of 1st period - Shawn Horcoff wins face-off versus Vernon Fiddler in neutral zone.
11:09 of 1st period - Minor Penalty to Ryan Smyth for Tripping.
11:10 of 1st period - David Legwand wins face-off versus Ryan Johnson in neutral zone.
11:13 of 1st period - Ryan Johnson is hit by David Legwand and loses puck.
11:22 of 1st period - Shot by Marek Zidlicky.
11:22 of 1st period - Stopped by Dwayne Roloson without a rebound.
11:23 of 1st period - Ryan Johnson wins face-off versus Alexandre Burrows in Oilers zone.
12:16 of 1st period - Shot by Scott Hartnell.
12:16 of 1st period - Stopped by Dwayne Roloson with a rebound.
12:38 of 1st period - Shot by Paul Kariya.
12:38 of 1st period - Shot Misses the Net.
15:08 of 1st period - Shot by Paul Kariya.
15:08 of 1st period - Goal by Paul Kariya - Oilers : 0 - Predators : 2.
15:09 of 1st period - Saku Koivu wins face-off versus Yanic Perreault in neutral zone.
15:09 of 1st period - Fernando Pisani is hit by Martin Erat and loses puck.
15:31 of 1st period - Shot by Fernando Pisani.
15:31 of 1st period - Stopped by Chris Mason without a rebound.
15:32 of 1st period - David Legwand wins face-off versus Ethan Moreau in Predators zone.
15:34 of 1st period - Brad Boyes is hit by Raffi Torres and loses puck.
15:43 of 1st period - Shot by Ryan Suter.
15:43 of 1st period - Shot Blocked by Steve Staios.
15:45 of 1st period - Shot by Ryan Suter.
15:45 of 1st period - Goal by Ryan Suter - Oilers : 0 - Predators : 3.
15:46 of 1st period - Saku Koivu wins face-off versus Alexandre Burrows in neutral zone.
16:17 of 1st period - Shot by Ryan Suter.
16:17 of 1st period - Stopped by Dwayne Roloson without a rebound.
16:18 of 1st period - David Legwand wins face-off versus Ethan Moreau in Oilers zone.
16:25 of 1st period - Shot by Paul Kariya.
16:25 of 1st period - Shot Misses the Net.
16:35 of 1st period - Shot by David Legwand.
16:35 of 1st period - Stopped by Dwayne Roloson with a rebound.
16:58 of 1st period - Minor Penalty to Brad Boyes for Holding.
16:59 of 1st period - Shawn Horcoff wins face-off versus Vernon Fiddler in Oilers zone.
17:10 of 1st period - Icing by Ryan Smyth.
17:11 of 1st period - Martin Erat wins face-off versus Shawn Horcoff in Oilers zone.
17:48 of 1st period - Off-side.
17:49 of 1st period - Saku Koivu wins face-off versus Vernon Fiddler in neutral zone.
19:17 of 1st period - Paul Kariya is hit by Raffi Torres.

Period #2

0:01 of 2nd period - Saku Koivu wins face-off versus David Legwand in neutral zone.
0:23 of 2nd period - Nicklas Lidstrom is hit by Brad Boyes and loses puck.
0:35 of 2nd period - Icing by Tomas Kaberle.
0:36 of 2nd period - David Legwand wins face-off versus Shawn Horcoff in Predators zone.
1:02 of 2nd period - Ryan Smyth is hit by Alexandre Burrows and loses puck.
1:37 of 2nd period - Alexandre Burrows is hit by Raffi Torres and loses puck.
1:57 of 2nd period - Shot by Raffi Torres.
1:57 of 2nd period - Stopped by Chris Mason without a rebound.
1:58 of 2nd period - Yanic Perreault wins face-off versus Saku Koivu in Predators zone.
2:04 of 2nd period - Martin Erat is hit by Jaroslav Spacek and loses puck.
2:18 of 2nd period - Icing by Jaroslav Spacek.
2:19 of 2nd period - David Legwand wins face-off versus Pierre-Marc Bouchard in Oilers zone.
2:19 of 2nd period - Tomas Kaberle is hit by Nicklas Lidstrom and loses puck.
2:34 of 2nd period - Shot by David Legwand.
2:34 of 2nd period - Stopped by Dwayne Roloson without a rebound.
2:35 of 2nd period - Yanic Perreault wins face-off versus Shawn Horcoff in Oilers zone.
3:13 of 2nd period - Icing by Francis Bouillon.
3:14 of 2nd period - David Legwand wins face-off versus Shawn Horcoff in Oilers zone.
3:30 of 2nd period - Icing by Derek Morris.
3:31 of 2nd period - Fernando Pisani wins face-off versus Brad Boyes in Predators zone.
4:23 of 2nd period - Fernando Pisani is hit by Alexandre Burrows and loses puck.
4:41 of 2nd period - Icing by Ryan Suter.
4:42 of 2nd period - Ethan Moreau wins face-off versus Alexandre Burrows in Predators zone.
4:43 of 2nd period - Shot by Raffi Torres.
4:43 of 2nd period - Shot Blocked by Scott Hartnell.
5:08 of 2nd period - Icing by Steve Staios.
5:09 of 2nd period - Yanic Perreault wins face-off versus Alexander Perezhogin in Oilers zone.
5:09 of 2nd period - Todd Bertuzzi is hit by Raffi Torres and loses puck.
5:19 of 2nd period - Yanic Perreault is hit by Ethan Moreau and loses puck.
5:28 of 2nd period - Shot by Yanic Perreault.
5:28 of 2nd period - Stopped by Dwayne Roloson without a rebound.
5:29 of 2nd period - David Legwand wins face-off versus Shawn Horcoff in Oilers zone.
5:47 of 2nd period - David Legwand is hit by Francis Bouillon and loses puck.
6:11 of 2nd period - Shot by David Legwand.
6:11 of 2nd period - Stopped by Dwayne Roloson with a rebound.
6:51 of 2nd period - Shot by Pierre-Marc Bouchard.
6:51 of 2nd period - Stopped by Chris Mason with a rebound.
6:53 of 2nd period - Shot by Fernando Pisani.
6:53 of 2nd period - Shot Misses the Net.
7:05 of 2nd period - Shot by Yanic Perreault.
7:05 of 2nd period - Deflect By Martin Erat.
7:05 of 2nd period - Shot Blocked by Nicklas Lidstrom.
7:49 of 2nd period - Shot by Ryan Suter.
7:49 of 2nd period - Stopped by Dwayne Roloson without a rebound.
7:50 of 2nd period - Shawn Horcoff wins face-off versus Alexandre Burrows in Oilers zone.
8:10 of 2nd period - Petr Sykora is hit by Steve Sullivan.
8:25 of 2nd period - Icing by Steve Sullivan.
8:26 of 2nd period - Fernando Pisani wins face-off versus Alexandre Burrows in Predators zone.
8:43 of 2nd period - Shot by Pierre-Marc Bouchard.
8:43 of 2nd period - Shot Blocked by Steve Sullivan.
9:10 of 2nd period - Brad Boyes is hit by Fernando Pisani and loses puck.
9:40 of 2nd period - Shot by David Legwand.
9:40 of 2nd period - Stopped by Dwayne Roloson without a rebound.
9:41 of 2nd period - Ethan Moreau wins face-off versus Yanic Perreault in Oilers zone.
9:41 of 2nd period - Ethan Moreau is hit by Yanic Perreault.
11:11 of 2nd period - Shot by Shawn Horcoff.
11:11 of 2nd period - Stopped by Chris Mason with a rebound.
11:13 of 2nd period - Shot by Shawn Horcoff.
11:13 of 2nd period - Goal by Shawn Horcoff - Oilers : 1 - Predators : 3.
11:14 of 2nd period - Ryan Johnson wins face-off versus Alexandre Burrows in neutral zone.
11:24 of 2nd period - Pierre-Marc Bouchard is hit by Scott Hartnell and loses puck.
11:35 of 2nd period - Minor Penalty to Steve Sullivan for Roughing.
11:36 of 2nd period - Vernon Fiddler wins face-off versus Shawn Horcoff in neutral zone.
11:57 of 2nd period - Derek Morris is hit by Petr Sykora.
13:35 of 2nd period - Icing by Francis Bouillon.
13:36 of 2nd period - Ryan Johnson wins face-off versus David Legwand in Oilers zone.
13:36 of 2nd period - Ryan Johnson is hit by Brad Boyes.
13:39 of 2nd period - Ethan Moreau is hit by Paul Kariya and loses puck.
13:54 of 2nd period - Shot by Paul Kariya.
13:54 of 2nd period - Stopped by Dwayne Roloson without a rebound.
13:55 of 2nd period - Saku Koivu wins face-off versus Alexandre Burrows in Oilers zone.
14:40 of 2nd period - Saku Koivu is hit by Brad Boyes and loses puck.
15:06 of 2nd period - Alexander Perezhogin is hit by Derek Morris and loses puck.
15:56 of 2nd period - Minor Penalty to Shawn Horcoff for Holding.
15:57 of 2nd period - Ryan Johnson wins face-off versus Paul Kariya in Oilers zone.
16:12 of 2nd period - Shot by David Legwand.
16:12 of 2nd period - Stopped by Dwayne Roloson without a rebound.
16:13 of 2nd period - Saku Koivu wins face-off versus Alexandre Burrows in Oilers zone.
16:43 of 2nd period - Off-side.
16:44 of 2nd period - David Legwand wins face-off versus Pierre-Marc Bouchard in neutral zone.
17:09 of 2nd period - Shot by Shea Weber.
17:09 of 2nd period - Deflect By Paul Kariya.
17:09 of 2nd period - Shot Misses the Net.
17:11 of 2nd period - Shot by David Legwand.
17:11 of 2nd period - Stopped by Dwayne Roloson without a rebound.
17:12 of 2nd period - Alexandre Burrows wins face-off versus Ryan Johnson in Oilers zone.
17:16 of 2nd period - Brad Boyes is hit by Ethan Moreau and loses puck.
17:19 of 2nd period - Shot by Alexandre Burrows.
17:19 of 2nd period - Shot Misses the Net.
18:04 of 2nd period - Martin Erat is hit by Pierre-Marc Bouchard and loses puck.
18:10 of 2nd period - Icing by Danny Syvret.
18:11 of 2nd period - Pierre-Marc Bouchard wins face-off versus Vernon Fiddler in Oilers zone.
18:16 of 2nd period - Pierre-Marc Bouchard is hit by Vernon Fiddler and loses puck.
18:30 of 2nd period - Steve Sullivan is hit by Steve Staios and loses puck.
19:04 of 2nd period - Steve Sullivan is hit by Francis Bouillon and loses puck.

Period #3

0:01 of 3rd period - Saku Koivu wins face-off versus Brad Boyes in neutral zone.
0:16 of 3rd period - Shot by Paul Kariya.
0:16 of 3rd period - Shot Blocked by Jaroslav Spacek.
0:24 of 3rd period - Paul Kariya is hit by Saku Koivu and loses puck.
0:43 of 3rd period - Derek Morris is hit by Pierre-Marc Bouchard and loses puck.
1:25 of 3rd period - Shot by Petr Sykora.
1:25 of 3rd period - Stopped by Chris Mason without a rebound.
1:26 of 3rd period - Ethan Moreau wins face-off versus Yanic Perreault in Predators zone.
1:30 of 3rd period - Alexander Perezhogin is hit by Yanic Perreault and loses puck.
1:46 of 3rd period - Minor Penalty to Todd Bertuzzi for Goalie Interference.
1:46 of 3rd period - Minor Penalty to Ethan Moreau for Roughing.
1:47 of 3rd period - Alexandre Burrows wins face-off versus Pierre-Marc Bouchard in Oilers zone.
2:10 of 3rd period - Shot by Saku Koivu.
2:10 of 3rd period - Shot Misses the Net.
2:14 of 3rd period - Shot by Pierre-Marc Bouchard.
2:14 of 3rd period - Shot Blocked by Derek Morris.
2:16 of 3rd period - Shot by Pierre-Marc Bouchard.
2:16 of 3rd period - Shot Misses the Net.
2:49 of 3rd period - Shot by Yanic Perreault.
2:49 of 3rd period - Shot Blocked by Jaroslav Spacek.
2:51 of 3rd period - Shot by Brad Boyes.
2:51 of 3rd period - Shot Misses the Net.
2:56 of 3rd period - Icing by Nicklas Lidstrom.
2:57 of 3rd period - Yanic Perreault wins face-off versus Saku Koivu in Oilers zone.
3:21 of 3rd period - Icing by Nicklas Lidstrom.
3:22 of 3rd period - Alexandre Burrows wins face-off versus Saku Koivu in Oilers zone.
3:49 of 3rd period - Shot by Steve Sullivan.
3:49 of 3rd period - Shot Misses the Net.
3:53 of 3rd period - Shot by Tomas Kaberle.
3:53 of 3rd period - Stopped by Dwayne Roloson without a rebound.
3:54 of 3rd period - Shawn Horcoff wins face-off versus Vernon Fiddler in Oilers zone.
4:03 of 3rd period - Shot by Shawn Horcoff.
4:03 of 3rd period - Stopped by Chris Mason without a rebound.
4:04 of 3rd period - Yanic Perreault wins face-off versus Ethan Moreau in Predators zone.
4:14 of 3rd period - Icing by Danny Syvret.
4:15 of 3rd period - Ethan Moreau wins face-off versus Vernon Fiddler in Oilers zone.
4:15 of 3rd period - Ethan Moreau is hit by Steve Sullivan.
4:41 of 3rd period - Shot by Raffi Torres.
4:41 of 3rd period - Stopped by Chris Mason without a rebound.
4:42 of 3rd period - Alexandre Burrows wins face-off versus Shawn Horcoff in Predators zone.
4:42 of 3rd period - Alexandre Burrows is hit by Shawn Horcoff.
5:17 of 3rd period - Shot by Scott Hartnell.
5:17 of 3rd period - Shot Misses the Net.
5:19 of 3rd period - Shot by Ryan Suter.
5:19 of 3rd period - Stopped by Dwayne Roloson with a rebound.
5:21 of 3rd period - Shot by Scott Hartnell.
5:21 of 3rd period - Shot Blocked by Francis Bouillon.
7:17 of 3rd period - Petr Sykora is hit by Paul Kariya and loses puck.
7:57 of 3rd period - Scott Hartnell is hit by Francis Bouillon and loses puck.
8:00 of 3rd period - Shot by Steve Sullivan.
8:00 of 3rd period - Stopped by Dwayne Roloson without a rebound.
8:01 of 3rd period - Ethan Moreau wins face-off versus Yanic Perreault in Oilers zone.
8:01 of 3rd period - Ethan Moreau is hit by Martin Erat.
8:09 of 3rd period - Shot by Raffi Torres.
8:09 of 3rd period - Shot Misses the Net.
8:13 of 3rd period - Shot by Raffi Torres.
8:13 of 3rd period - Shot Misses the Net.
8:17 of 3rd period - Shot by Alexander Perezhogin.
8:17 of 3rd period - Goal by Alexander Perezhogin - Oilers : 2 - Predators : 3.
8:18 of 3rd period - Yanic Perreault wins face-off versus Fernando Pisani in neutral zone.
8:42 of 3rd period - Pierre-Marc Bouchard is hit by Marek Zidlicky and loses puck.
8:47 of 3rd period - Shot by Fernando Pisani.
8:47 of 3rd period - Stopped by Chris Mason without a rebound.
8:48 of 3rd period - Alexandre Burrows wins face-off versus Ethan Moreau in Predators zone.
8:58 of 3rd period - Alexander Perezhogin is hit by Ryan Suter.
9:10 of 3rd period - Shot by Raffi Torres.
9:10 of 3rd period - Shot Misses the Net.
9:35 of 3rd period - Minor Penalty to Brad Boyes for Roughing.
9:36 of 3rd period - Vernon Fiddler wins face-off versus Saku Koivu in Predators zone.
10:23 of 3rd period - Shot by Steve Staios.
10:23 of 3rd period - Shot Misses the Net.
10:27 of 3rd period - Shot by Shawn Horcoff.
10:27 of 3rd period - Stopped by Chris Mason without a rebound.
10:28 of 3rd period - Shawn Horcoff wins face-off versus Vernon Fiddler in Predators zone.
11:18 of 3rd period - Off-side.
11:19 of 3rd period - Vernon Fiddler wins face-off versus Saku Koivu in neutral zone.
11:42 of 3rd period - Shot by David Legwand.
11:42 of 3rd period - Shot Misses the Net.
11:44 of 3rd period - Shot by David Legwand.
11:44 of 3rd period - Deflect By Paul Kariya.
11:44 of 3rd period - Stopped by Dwayne Roloson without a rebound.
11:45 of 3rd period - Ethan Moreau wins face-off versus Alexandre Burrows in Oilers zone.
12:08 of 3rd period - Shot by Scott Hartnell.
12:08 of 3rd period - Deflect By Steve Sullivan.
12:08 of 3rd period - Goal by Steve Sullivan - Oilers : 2 - Predators : 4.
12:09 of 3rd period - Shawn Horcoff wins face-off versus Yanic Perreault in neutral zone.
12:28 of 3rd period - Shot by Ryan Smyth.
12:28 of 3rd period - Shot Blocked by Marek Zidlicky.
12:31 of 3rd period - Icing by Marek Zidlicky.
12:32 of 3rd period - Yanic Perreault wins face-off versus Saku Koivu in Predators zone.
12:32 of 3rd period - Yanic Perreault is hit by Saku Koivu.
12:50 of 3rd period - Shot by Todd Bertuzzi.
12:50 of 3rd period - Shot Misses the Net.
12:59 of 3rd period - Off-side.
13:00 of 3rd period - Ethan Moreau wins face-off versus David Legwand in neutral zone.
13:03 of 3rd period - Shot by Alexander Perezhogin.
13:03 of 3rd period - Shot Blocked by Derek Morris.
13:25 of 3rd period - Shot by Paul Kariya.
13:25 of 3rd period - Stopped by Dwayne Roloson without a rebound.
13:26 of 3rd period - Shawn Horcoff wins face-off versus Alexandre Burrows in Oilers zone.
13:53 of 3rd period - Minor Penalty to Ryan Smyth for Holding.
13:54 of 3rd period - Shawn Horcoff wins face-off versus David Legwand in Oilers zone.
14:14 of 3rd period - Scott Hartnell is hit by Jaroslav Spacek and loses puck.
14:18 of 3rd period - Paul Kariya is hit by Jaroslav Spacek and loses puck.
14:57 of 3rd period - Shot by Tomas Kaberle.
14:57 of 3rd period - Stopped by Dwayne Roloson without a rebound.
14:58 of 3rd period - Shawn Horcoff wins face-off versus Alexandre Burrows in Oilers zone.
15:07 of 3rd period - Ryan Suter is hit by Shawn Horcoff and loses puck.
15:17 of 3rd period - Ryan Suter is hit by Fernando Pisani and loses puck.
15:23 of 3rd period - Steve Sullivan is hit by Nicklas Lidstrom and loses puck.
16:13 of 3rd period - Off-side.
16:14 of 3rd period - Saku Koivu wins face-off versus Vernon Fiddler in neutral zone.
16:42 of 3rd period - Steve Sullivan is hit by Nicklas Lidstrom and loses puck.
16:44 of 3rd period - Minor Penalty to Fernando Pisani for Interference.
16:45 of 3rd period - Ryan Johnson wins face-off versus David Legwand in Oilers zone.
18:57 of 3rd period - Shot by Steve Staios.
18:57 of 3rd period - Stopped by Chris Mason with a rebound.
18:59 of 3rd period - Shot by Raffi Torres.
18:59 of 3rd period - Deflect By Pierre-Marc Bouchard.
18:59 of 3rd period - Shot Blocked by Zbynek Michalek.
19:39 of 3rd period - Shot by Jordin Tootoo.
19:39 of 3rd period - Shot Misses the Net.
19:41 of 3rd period - Shot by Vernon Fiddler.
19:41 of 3rd period - Stopped by Dwayne Roloson without a rebound.
19:42 of 3rd period - Alexandre Burrows wins face-off versus Saku Koivu in Oilers zone.
19:58 of 3rd period - Icing by Shea Weber.
19:59 of 3rd period - Ryan Johnson wins face-off versus Alexandre Burrows in Predators zone.


Output by the SimonT Hockey Simulator (STHS) for Stephane Roy -- Original Page W3C XHTML 1.0 Valid